 Dungeon Crawl Stone Soup version 0.25.0-3-gd7cc568 (webtiles) character file.

Game seed: 12159449906518313140

356 Balder the Shield-Bearer (level 6, -3/38 HPs)
             Began as a Gargoyle Fighter on June 14, 2020.
             Was an Initiate of Qazlal.
             Slain by an ice beast (10 damage)
             ... on level 5 of the Dungeon on June 15, 2020.
             The game lasted 00:19:08 (3949 turns).

Balder the Shield-Bearer (Gargoyle Fighter)         Turns: 3949, Time: 00:19:11

Health: -3/38      AC: 11    Str: 19    XL:     6   Next: 63%
Magic:  6/6        EV:  8    Int:  9    God:    Qazlal [......]
Gold:   246        SH:  9    Dex: 11    Spells: 5/5 levels left

rFire    . . .     SeeInvis .   a - +0 flail
rCold    . . .     Gourm    .   c - +0 kite shield
rNeg     + . .     Faith    .   u - +0 scale mail
rPois    ∞         Spirit   .   y - +0 hat
rElec    +         Reflect  .   (no cloak)
rCorr    .         Harm     .   (no gloves)
MR       .....                  (no boots)
Stlth    ..........             (no amulet)
HPRegen  0.12/turn              (no ring)
MPRegen  0.10/turn              (no ring)

@: no status effects
A: negative energy resistance 1, electricity resistance, unbreathing,
petrification resistance, rot immunity, AC +4
a: Renounce Religion


You were on level 5 of the Dungeon.
You worshipped Qazlal.
Qazlal was noncommittal.
You were hungry.

You visited 2 branches of the dungeon, and saw 6 of its levels.

You collected 246 gold pieces.

Inventory:

Hand Weapons
 a - a +0 flail (weapon)
 b - a +2 flail of holy wrath
 e - a +1 flail of holy wrath
 z - a +2 vorpal trident
Missiles
 q - 8 boomerangs (quivered)
Armour
 c - a +0 kite shield (worn)
 u - a +0 scale mail (worn)
 y - a +0 hat (worn)
Jewellery
 k - an uncursed ring of flight
Wands
 d - a wand of iceblast (6)
 A - a wand of paralysis (6)
Scrolls
 j - a scroll of fog {unknown}
 m - 2 scrolls of identify
 n - a scroll of fear {unknown}
 o - 2 scrolls of teleportation
 p - a scroll of remove curse {unknown}
 s - a scroll of immolation
 v - 2 scrolls of blinking
Potions
 g - a potion of haste {unknown}
 h - a potion of flight {unknown}
 i - 4 potions of curing
 l - a potion of heal wounds {unknown}
 r - 2 potions of stabbing {unknown}
 t - a potion of brilliance {unknown}
 w - a potion of ambrosia {unknown}
 B - a potion of invisibility {unknown}
Comestibles
 f - 5 rations
 x - a chunk of flesh


   Skills:
 * Level 4.1 Fighting
 * Level 3.8 Maces & Flails
 * Level 1.4 Throwing
 * Level 4.2 Armour
 * Level 1.2 Dodging
 * Level 2.1 Stealth
 * Level 4.3 Shields
 * Level 0.6 Evocations


You had 5 spell levels left.
You didn't know any spells.
Your spell library was empty.

Dungeon Overview and Level Annotations

Branches:
Dungeon (5/15)             Temple (1/1) D:4

Altars:
Ashenzari
Dithmenos
Elyvilon
Fedhas
Gozag
Hepliaklqana
Kikubaaqudgha
Makhleb
Nemelex Xobeh
Okawaru
Qazlal
Ru
Sif Muna
Trog
Uskayaw
Vehumet
Wu Jian
Xom
Yredelemnul
Zin
The Shining One

Shops:
D:4 :


Innate Abilities, Weirdness & Mutations

You are resistant to torment.
Your stone body is resilient. (AC +4)
You are immune to poison.
You resist negative energy. (rN+)
You are resistant to electric shocks. (rElec)
You can survive without breathing.
You are immune to petrification.
You are immune to rotting.


Message History

You hit the ice beast but do no damage.
The ice beast is severely wounded.
The ice beast hits you but does no damage.
You completely miss the ice beast.
The ice beast is severely wounded.
You block the ice beast's attack. The ice beast closely misses you.
You hit the ice beast.
The ice beast is almost dead.
The ice beast barely misses you.
You barely miss the ice beast.
The ice beast is almost dead.
The ice beast hits you. The ice beast freezes you.
* * * LOW HITPOINT WARNING * * *
You closely miss the ice beast.
The ice beast is almost dead.
The ice beast hits you but does no damage.
The ice beast hits you.
* * * LOW HITPOINT WARNING * * *
The ice beast freezes you!
You die...

#..........$..?
####................
#...................
#...................
#........[..........
####................
#................
#.......Y........
#......@.÷.....?.
#................
#................
#................
#................
#................
#................
#................
#.............


You could see an ice beast.

Vanquished Creatures
  A crimson imp (D:5)
  2 orc priests (D:4)
  A hound (D:5)
  Ijyb (D:3)
  2 worker ants (D:4)
  An iguana (D:4)
  A howler monkey zombie (D:5)
  3 adders
  2 oozes
  An adder skeleton (D:4)
  A worm (D:2)
  A dart slug (D:1)
  3 leopard geckos
  9 orcs
  3 giant cockroaches
  4 hobgoblins
  8 jackals
  3 quokkas
  A ball python (D:1)
  6 bats
  4 frilled lizards
  4 goblins
  A jackal skeleton (D:4)
  2 kobolds (D:1)
  A quokka skeleton (D:4)
  6 rats
72 creatures vanquished.

Notes
Turn   | Place    | Note
-------+----------+-------------------------------------------
     0 | D:1      | Balder the Gargoyle Fighter began the quest for the Orb.
     0 | D:1      | Reached XP level 1. HP: 14/14 MP: 1/1
   100 | D:1      | Reached XP level 2. HP: 19/19 MP: 2/2
   297 | D:1      | You fall into a shaft and drop 1 floor!
   775 | D:2      | Reached XP level 3. HP: 23/23 MP: 3/3
  1912 | D:3      | Noticed Ijyb
  1939 | D:3      | Killed Ijyb
  1939 | D:3      | Reached skill level 1 in Stealth
  1939 | D:3      | Reached XP level 4. HP: 15/28 MP: 4/4
  2858 | D:4      | Reached skill level 1 in Throwing
  2858 | D:4      | Reached XP level 5. HP: 14/33 MP: 5/5
  3189 | D:4      | Reached skill level 1 in Dodging
  3194 | D:4      | Reached XP level 6. HP: 24/38 MP: 6/6
  3205 | D:4      | Found Xiuz's Book Shoppe.
  3471 | D:4      | Found a staircase to the Ecumenical Temple.
  3755 | Temple   | Entered the Ecumenical Temple
  3822 | Temple   | Upgraded the game from 0.25.0-1-g7eea58d to
                  | 0.25.0-3-gd7cc568
  3835 | Temple   | Became a worshipper of Qazlal Stormbringer
  3874 | D:5      | Entered Level 5 of the Dungeon
  3917 | D:5      | Noticed an ice beast
  3949 | D:5      | Slain by an ice beast

Illustrated notes

Levels and vault maps discovered:
D:1:      dpeg_arrival_rooms_c, layout_basic, minmay_tetromino_t2
D:2:      layout_basic
D:3:      layout_basic, first_ration, minmay_statues_item, uniq_ijyb
D:4:      layout_rooms, temple_pool_b, serial_shops, nicolae_shop_crystal
D:5:      layout_basic, slow_altar_1, portal_sewer_entry_f
Temple:   grunt_wide_crystal_templ

Skill      XL: |  1  2  3  4  5  6 |
---------------+-------------------+-----
Stealth        | 1 2 |  2.1
Maces & Flails | 3 |  3.8
Throwing       | 1 |  1.4
Shields        | 4 |  4.3
Armour         | 4 |  4.2
Dodging        | 1 |  1.2
Fighting       | 4 |  4.1
Evocations     | |  0.6

Action                   |  1- 3 |  4- 6 || total
-------------------------+-------+-------++-------
Melee: Flail             |   122 |   174 ||   296
Throw: Boomerang         |       |     1 ||     1
Evoke: Wand              |       |     2 ||     2
  Use: Scroll            |     2 |     6 ||     8
       Potion            |     1 |       ||     1
  Eat: Chunk             |     2 |     4 ||     6
       Ration            |       |     1 ||     1
Armor: Scale mail        |    61 |   120 ||   181
Dodge: Dodged            |    46 |    73 ||   119
Block: Kite shield       |    73 |    92 ||   165
